 Dungeon Crawl Stone Soup version 0.23.2-1-ga50397a (webtiles) character file.

Game seed: 12061223979631256168

43 Leeroy the Conjurer (level 3, -1/27 HPs)
             Began as a Draconian Conjurer on Apr 14, 2019.
             Was an Initiate of Sif Muna.
             Slain by an orc priest
             ... wielding a +0 flail
              (5 damage)
             ... on level 3 of the Dungeon.
             The game lasted 00:03:36 (1806 turns).

Leeroy the Conjurer (Draconian Conjurer)            Turns: 1806, Time: 00:03:37

Health: -1/27      AC:  5    Str: 10    XL:     3   Next: 37%
Magic:  6/6        EV: 12    Int: 16    God:    Sif Muna [......]
Gold:   157        SH:  0    Dex: 11    Spells: 3/6 levels left

rFire    . . .     SeeInvis .   p - +0 quarterstaff
rCold    . . .     Gourm    .   (shield currently unavailable)
rNeg     . . .     Faith    .   (armour unavailable)
rPois    .         Spirit   .   (helmet restricted)
rElec    .         Reflect  .   (no cloak)
rCorr    .         Harm     .   (no gloves)
MR       .....                  (no boots)
Stlth    ++........             (no amulet)
HPRegen  0.09/turn              (no ring)
MPRegen  0.10/turn              (no ring)

@: no status effects
A: unfitting armour, cold-blooded, AC +5
a: Renounce Religion


You were on level 3 of the Dungeon.
You worshipped Sif Muna.
Sif Muna was noncommittal.
You were not hungry.

You visited 1 branch of the dungeon, and saw 3 of its levels.

You collected 157 gold pieces.

Inventory:

Hand Weapons
 d - a +0 dagger
 p - a +0 quarterstaff (weapon)
Missiles
 a - 134 stones (quivered)
 e - 6 tomahawks
 i - 44 bolts
 k - 48 arrows
 l - a throwing net
Jewellery
 o - an uncursed ring of protection from magic {unknown}
Scrolls
 c - a scroll of teleportation {unknown}
 f - 6 scrolls of identify {unknown}
 g - a scroll of fog {unknown}
 h - a scroll of blinking {unknown}
 j - 2 scrolls of magic mapping {unknown}
 n - a scroll of remove curse {unknown}
Comestibles
 b - 5 rations
 m - 2 chunks of flesh


   Skills:
 + Level 0.3 Fighting
 - Level 1.7 Dodging
 - Level 1.7 Stealth
 - Level 2.0 Spellcasting
 - Level 5.2 Conjurations


You had 3 spell levels left.
You knew the following spells:

 Your Spells              Type           Power        Failure   Level  Hunger
a - Magic Dart            Conj           ###.         2%          1    #......
b - Searing Ray           Conj           ###...       3%          2    ###....

Your spell library contained the following spells:

 Spells                   Type           Power        Failure   Level  Hunger
 Dazzling Spray           Conj/Hex       #.....       22%         3    ###....
 Iskenderun's Mystic Bla  Conj           ###.....     24%         4    #####..
 Force Lance              Conj/Tloc      #.......     56%         4    #####..
 Fulminant Prism          Conj/Hex       #.........   56%         4    #####..


Dungeon Overview and Level Annotations

Branches:
Dungeon (3/15)

Altars:
Sif Muna


Innate Abilities, Weirdness & Mutations

Your plain brown scales are hard. (AC +5)
You cannot fit into any form of body armour.
You are cold-blooded and may be slowed by cold attacks.


Message History

The orc is heavily wounded.
The orc priest begins to cast a cantrip, but forgets the words!
The orc barely misses you.
The orc priest looks braver for a moment.
You see here 5 gold pieces.
You hit the orc priest.
The orc priest is severely wounded.
The orc closely misses you. The orc priest closely misses you.
The orc barely misses you.
You closely miss the orc priest.
The orc priest is severely wounded.
The orc priest hits you with a +0 flail!
The orc hits you with a +0 hand axe.
You hit the orc priest.
The orc priest is almost dead.
The orc priest hits you with a +0 flail!
* * * LOW HITPOINT WARNING * * *
The orc barely misses you.
The orc priest hits you with a +0 flail.
You die...

.. .## .
... ..##
..# ....
#.#
#..#####.#
#..o@.##.#
#.###o##<#
#.###.##.#
#........#
#####.####
#.# ..#
...# ≈≈..#


You could see an orc priest and an orc.

Vanquished Creatures
  An adder (D:2)
  3 dart slugs
  A leopard gecko (D:2)
  2 giant cockroaches
  6 goblins
  5 hobgoblins
  4 bats (D:1)
  A kobold (D:1)
  4 rats
  A plant (D:2)
28 creatures vanquished.

Notes
Turn   | Place    | Note
-------+----------+-------------------------------------------
     0 | D:1      | Leeroy the Draconian Conjurer began the quest for the Orb.
     0 | D:1      | Reached XP level 1. HP: 14/14 MP: 3/3
   178 | D:1      | Reached XP level 2. HP: 20/20 MP: 5/5
   196 | D:1      | Learned a level 2 spell: Searing Ray
  1012 | D:2      | Reached skill level 5 in Conjurations
  1012 | D:2      | Reached XP level 3. HP: 26/26 MP: 3/6
  1171 | D:2      | Found a deep blue altar of Sif Muna.
  1176 | D:2      | Became a worshipper of Sif Muna the Loreminder
  1664 | D:2      | Found a faded altar of an unknown god.
  1806 | D:3      | Slain by an orc priest

Skill      XL: |  1  2 |
---------------+-------+-----
Conjurations   | 5 |  5.2
Fighting       | |  0.3
Dodging        | |  1.7
Stealth        | |  1.7
Spellcasting   | |  2.0

Action                   || total
-------------------------++-------
Melee: Dagger            ||    69
       Tailslap          ||    18
       Unarmed           ||     1
       Quarterstaff      ||    31
 Cast: Magic Dart        ||    14
       Searing Ray       ||     1
 Stab: Sleeping          ||     4
  Eat: Chunk             ||     3
Armor: Skin              ||    11
Dodge: Dodged            ||    43
